 Dungeon Crawl Stone Soup version 0.21.1-1-g345015fe64 (webtiles) character file.

273 Kohma the Sneak (level 6, -1/32 HPs)
             Began as a Vine Stalker Assassin on July 9, 2018.
             Slain by Duvessa
             ... wielding a +2 short sword of draining
              (12 damage)
             ... on level 4 of the Dungeon.
             The game lasted 00:13:26 (3508 turns).

Kohma the Sneak (Vine Stalker Assassin)             Turns: 3508, Time: 00:13:27

Health: -1/32      AC:  5    Str: 14    XL:     6   Next: 23%
Magic:  0/7        EV: 12    Int: 13    God:
Gold:   138        SH:  4    Dex: 15    Spells: 5/5 levels left

rFire    + . .     SeeInvis .   a - +0 dagger (venom)
rCold    + . .     Gourm    .   v - +1 buckler
rNeg     . . .     Faith    .   j - +0 ring mail
rPois    .         Spirit   +   (no helmet)
rElec    .         Reflect  .   s - scarf {rC+ rF+}
rCorr    .         Harm     .   (no gloves)
MR       .....                  (no boots)
Stlth    +.........             (no amulet)
HPRegen  0.50/turn              x - +3 ring of evasion
MPRegen  0.10/turn              (no ring)

@: glowing, heavily drained
A: fangs 2, regeneration 1, magic shield, antimagic bite, no potion heal 3, rot
immunity
a: no special abilities


You were on level 4 of the Dungeon.
You were not hungry.

You visited 1 branch of the dungeon, and saw 4 of its levels.

You collected 138 gold pieces.

Inventory:

Hand Weapons
 a - a +0 dagger of venom (weapon)
 b - a +0 blowgun
 r - a +2 dagger
Missiles
 f - a curare-tipped needle
 o - 4 javelins (quivered)
Armour
 d - a +0 cloak
 j - a +0 ring mail (worn)
 s - a scarf of resistance (worn)
 v - a +1 buckler (worn)
Jewellery
 x - a +3 ring of evasion (left hand)
Scrolls
 c - 2 scrolls of remove curse
 i - a scroll of blinking
 m - 2 scrolls of enchant armour
 y - 2 scrolls of amnesia
Potions
 h - a potion of haste
 p - a potion of brilliance
 t - 2 potions of resistance
 u - a potion of curing
 z - a potion of berserk rage
Comestibles
 g - 9 rations


   Skills:
 + Level 2.5(1.4) Fighting
 * Level 3.3(2.1) Short Blades
 + Level 2.7(1.6) Throwing
 - Level 1.2(0.2) Armour
 - Level 0.7(0.0) Dodging
 + Level 6.3(5.1) Stealth
 * Level 1.3(0.3) Shields


You had 5 spell levels left.
You didn't know any spells.

Dungeon Overview and Level Annotations

Branches:
Dungeon (4/15)             Temple (0/1) D:4

Altars:

Annotations:
D:2 exclusion: downstairs
D:3 kickdok's ghost, amateur FoFi
D:4 Duvessa


Innate Abilities, Weirdness & Mutations

You have extremely sharp teeth.
Your natural rate of healing is unusually fast.
When hurt, damage is shared between your health and your magic reserves.
Your bite disrupts and absorbs the magic of your enemies.
Potions cannot restore your health.
You are immune to rotting.


Message History

Duvessa is almost dead.
Duvessa barely misses you.
You barely miss Duvessa. Your bite misses Duvessa.
Duvessa is almost dead.
Duvessa barely misses you.
You hit Duvessa.
Duvessa looks as sick as possible!
You bite Duvessa, but do no damage.
Duvessa is almost dead.
Duvessa hits you but does no damage.
You feel drained.
The goblin unwields an uncursed hunting sling.
You block the goblin's attack. Duvessa barely misses you.
You closely miss Duvessa.
Duvessa is almost dead.
Duvessa misses you. The goblin misses you.
All of the chunks of flesh in your inventory have rotted away.
You barely miss Duvessa. You bite Duvessa, but do no damage.
Duvessa is almost dead.
Duvessa closely misses you. The goblin hits you but does no damage.
Duvessa hits you with a short sword of draining!
You die...

*,*,*,*,*.#.*.###(..#...*****,,**
,*,*,*,*,#.#.*..........,,,,,>,,,
*,*,*,*,*.#.#$#.(.......*****,,**
,*,*,*,*,#.#.#..........,,,,,,,,,
*,*,*,*,*,#.#.##........,**,*,,**
,*,*,*,*,*,#.#....#.##..,,,,,,,,,
*,*,*,*,*,*,#<##..#,*#..,,*,*,,**
,*,*,*,*,*,#.#.#eg#.....,,,,,,,,,
*,*,,,,,*,#.*,#.@.......,,*,*,***
,*,,,,,,,#.*,#.#..#.##..,,*,*,* *
*,*,,,,,*.*,#.#...#.#*,,,,*,*,* *
,,,*,*,*,*,#.#.....,.,,,***,*,***
,,,,*,*,*,#.#.#.......,,,,,,,,,,,
,,,*,*,*,#........#....,,,,,,,,,,
,,,,*,*,,....,....####*,*,,,,,,,,
,,,,,*,,,,..,......<,,,,*,,,,,,,,
,,,,*,*,,,,,*,***,,,,,,,*,,,**,**


You could see Duvessa (berserk) and a goblin.

Vanquished Creatures
  Dowan (D:4)
  An orc wizard (D:2)
  Terence (D:3)
  8 adders
  A worm (D:2)
  2 dart slugs
  3 leopard geckos (D:2)
  6 orcs
  3 giant cockroaches
  12 goblins
  8 hobgoblins
  4 jackals (D:3)
  2 quokkas
  4 ball pythons
  7 bats
  5 frilled lizards
  8 kobolds
  9 rats
85 creatures vanquished.

Notes
Turn   | Place    | Note
-------+----------+-------------------------------------------
     0 | D:1      | Kohma the Vine Stalker Assassin began the quest for the Orb.
     0 | D:1      | Reached XP level 1. HP: 11/11 MP: 2/2
   686 | D:1      | Reached skill level 5 in Stealth
   686 | D:1      | Reached XP level 2. HP: 14/15 MP: 3/3
  1269 | D:2      | Reached XP level 3. HP: 9/18 MP: 4/4
  1985 | D:2      | Gained mutation: Your natural rate of healing is unusually fast. [Vine Stalker growth]
  1985 | D:2      | Reached XP level 4. HP: 20/23 MP: 5/5
  2147 | D:2      | Found a faded altar of an unknown god.
  2418 | D:3      | Reached skill level 1 in Armour
  2426 | D:3      | Noticed kickdok's ghost (amateur FoFi)
  2558 | D:2      | Reached XP level 5. HP: 25/26 MP: 6/6
  2581 | D:2      | Reached skill level 6 in Stealth
  3241 | D:3      | Noticed Terence
  3267 | D:3      | Killed Terence
  3267 | D:3      | Reached skill level 1 in Shields
  3319 | D:3      | Reached XP level 6. HP: 32/32 MP: 7/7
  3436 | D:4      | Noticed Dowan
  3483 | D:4      | Noticed Duvessa
  3500 | D:4      | Killed Dowan
  3508 | D:4      | Slain by Duvessa

Skill      XL: |  1  2  3  4  5 |
---------------+----------------+-----
Stealth        | 5 6 |  6.3
Short Blades   | 2 3 |  3.3
Fighting       | 2 |  2.5
Throwing       | 2 |  2.7
Armour         | 1 |  1.2
Shields        | 1 |  1.3
Dodging        | |  0.7

Action                   |  1- 3 |  4- 6 || total
-------------------------+-------+-------++-------
Melee: Dagger            |    95 |   179 ||   274
       Bite              |    21 |    46 ||    67
 Fire: Blowgun           |    18 |    17 ||    35
  Use: Scroll            |     5 |     7 ||    12
       Potion            |     4 |       ||     4
 Stab: Sleeping          |     1 |     5 ||     6
  Eat: Chunk             |     3 |     5 ||     8
Armor: Robe              |     5 |       ||     5
       Ring mail         |    33 |    72 ||   105
Dodge: Dodged            |    58 |   117 ||   175
Block: Buckler           |       |    12 ||    12
